 Seeded DCSS version 0.30-a0-23-ge60ba3568b (webtiles) character file.

Game seed: 273378400362206159 (custom seed)

76 purpskrrrp the Sneak (level 3, -4/29 HPs)
             Began as a Demigod Brigand on Aug 24, 2022.
             Slain by a gnoll
             ... wielding a +0 spear
              (8 damage)
             ... on level 3 of the Dungeon.
             The game lasted 00:04:17 (2023 turns).

purpskrrrp the Sneak (Demigod Brigand)              Turns: 2023, Time: 00:04:17

Health: -4/29      AC:  4    Str: 12    XL:     3   Next: 89%
Magic:  5/5        EV: 11    Int: 13    God:
Gold:   134        SH:  0    Dex: 19    Spells: 2/2 levels left

rFire   . . .      SeeInvis .    a - +3 dagger
rCold   . . .      Faith    .    (no shield)
rNeg    . . .      Spirit   .    b - +0 robe
rPois   .          Reflect  .    n - +0 helmet
rElec   .          Harm     .    c - +0 cloak
rCorr   .          Rampage  .    (no gloves)
Will    .....                    (no boots)
Stlth   +++.......               (no amulet)
HPRegen 0.09/turn                (no ring)
MPRegen 0.09/turn                (no ring)

@: mighty
A: high MP 1, forlorn, divine attributes
a: no special abilities


You were on level 3 of the Dungeon.
You visited 1 branch of the dungeon, and saw 3 of its levels.

You collected 134 gold pieces.

Inventory:

Hand Weapons
 a - a +3 dagger (weapon)
Missiles
 d - 11 poisoned darts (quivered)
 e - 3 curare-tipped darts
 i - 6 atropa-tipped darts
Armour
 b - a +0 robe (worn)
 c - a +0 cloak (worn)
 n - a +0 helmet (worn)
Potions
 l - a potion of ambrosia {unknown}
 m - a potion of flight {unknown}


   Skills:
 - Level 1.7 Fighting
 + Level 3.1 Short Blades
 - Level 1.7 Throwing
 - Level 0.8 Dodging
 + Level 4.6 Stealth


You had 2 spell levels left.
You didn't know any spells.
Your spell library contained the following spells:

 Spells                   Type           Power      Damage    Failure   Level
 Beastly Appendage        Tmut           0%         N/A       30%         1
 Ensorcelled Hibernation  Hex/Ice        0%         N/A       43%         2
 Wereblood                Tmut           0%         N/A       43%         2
 Spider Form              Tmut/Pois      0%         N/A       67%         3
 Anguish                  Hex/Necr       0%         N/A       97%         4


Dungeon Overview and Level Annotations

Branches:
Dungeon (3/15)


Innate Abilities, Weirdness & Mutations

You have an increased reservoir of magic. (+10% MP)
You shall have no god before yourself.
Your divine heritage dramatically boosts your attributes as you level up.


Message History

* * * LOW HITPOINT WARNING * * *
You aren't carrying any scrolls.
It was a potion of heal wounds.
You feel much better. The gnoll barely misses you.
The gnoll hits you with a +0 whip. The kobold closely misses you.
The kobold attacks as you move away!
The kobold hits you with a +0 short sword.
The kobold attacks as you move away! The kobold completely misses you.
The gnoll hits you with a +0 whip. The gnoll attacks as you move away!
The gnoll completely misses you. The gnoll closely misses you.
The kobold throws a stone.
The stone barely misses you.
Things that are here:
6 stones; a kobold corpse The gnoll attacks as you move away!
The gnoll misses you.
It was a potion of might.
You feel very mighty all of a sudden. The gnoll hits you with a +0 whip!
* * * LOW HITPOINT WARNING * * *
Hit: a) +3 dagger
Press: ? - help, Dir - move target, f - kobold
Aim: a kobold, wielding a +0 short sword and quivering stones (about 37% to evade your +3 dagger)
You puncture the kobold!
You kill the kobold!
The gnoll misses you.
Hit: a) +3 dagger
Press: ? - help, Dir - move target, f - gnoll
Aim: a gnoll, wielding a +0 whip (heavily wounded, about 28% to evade your +3 dagger)
You puncture the gnoll!
You kill the gnoll!
Hit: a) +3 dagger
Press: ? - help, Dir - move target, f - hobgoblin
Aim: a hobgoblin (about 31% to evade your +3 dagger)
You closely miss the hobgoblin.
Hit: a) +3 dagger
Press: ? - help, Dir - move target, f/p - hobgoblin
Aim: a hobgoblin (about 31% to evade your +3 dagger)
You completely miss the hobgoblin.
The gnoll hits you from afar with a +0 spear!
You die...

,,,,,,,,,,,,,,,,,,,,,,,,,........
,~~,~~~~~~~~,,,~,~~,~~~~~~.~.~~..
~~~~~~~~~~~~~~~~~~~~~~~~~~~~≈~~~.
~~~~~~~~~~~~~~~~~~~~~~~~~≈≈≈≈≈~~.
~~~~*****~~~~~~~~~~~~~~~~≈≈≈≈≈~~.
~~~~*,,,#########################
~~~~*,,,#.............)#.......#.
~~~~*,,,#....Kg)g...|..).......#.
~~~~*#+##..(K.gg@.....)#########.
~~~~~#......########..........#.)
~~~~~#...g..# #.§........'..
~~~~~#.K....########.§§.......#..
~~~~*#'##...........§..#########.
~~~~#$$$#.....^........'.......#.
~~~~#$$K#..............#.......#.
~~~~#$$$#########################
~~~~#####~~~~~~~~~~~~~~~~~~~~~~~~


You could see 2 gnolls, 2 hobgoblins and 2 kobolds.

Vanquished Creatures
  2 gnolls (D:3)
  An adder (D:2)
  A dart slug (D:1)
  3 ball pythons
  4 bats
  2 endoplasms
  3 giant cockroaches
  3 goblins
  3 hobgoblins
  13 kobolds
  A quokka (D:2)
  6 rats
42 creatures vanquished.

Notes
Turn   | Place    | Note
-------+----------+-------------------------------------------
     0 | D:1      | purpskrrrp the Demigod Brigand began the quest for the Orb.
     0 | D:1      | Reached XP level 1. HP: 17/17 MP: 3/3
   330 | D:1      | Reached XP level 2. HP: 23/24 MP: 4/4
   574 | D:1      | Reached skill level 4 in Stealth
  1286 | D:2      | Reached XP level 3. HP: 22/29 MP: 5/5
  2023 | D:3      | Slain by a gnoll

Illustrated notes

Levels and vault maps discovered:
D:1:      spicycebolla_arrival_xxxplode, layout_rooms
D:2:      layout_basic
D:3:      minmay_goblin_kobold_castle, layout_basic,
          mainiacjoe_overflow_six_doors_small,
          mainiacjoe_overflow_small_starburst, grunt_temple_overflow_open,
          minivault_25

Skill      XL: |  1  2  3 |
---------------+----------+-----
Short Blades   | 2 3 |  3.1
Stealth        | 4 |  4.6
Fighting       | |  1.7
Throwing       | |  1.7
Dodging        | |  0.8

Action                   || total
-------------------------++-------
Melee: Dagger            ||   112
       Punch             ||     1
  Use: Scroll            ||     8
       Potion            ||     4
 Stab: Sleeping          ||     4
Armor: Robe              ||    33
Dodge: Dodged            ||    79

Table legend: (Time is in decaauts)
 A = Elapsed time spent in this place.
 B = Non-inter-level travel time spent in this place.
 C = Inter-level travel time spent in this place.
 D = Time resting spent in this place.
 E = Time spent auto-exploring this place.
 F = Levels seen in this place.
 G = Mean time per level.
                   A        B        C        D        E       F      G
               +--------+--------+--------+--------+--------+-----+--------+
         Total |   2009 |   1918 |     91 |    226 |   1354 |   3 |  669.7 |
       Dungeon |   2009 |   1918 |     91 |    226 |   1354 |   3 |  669.7 |
               +--------+--------+--------+--------+--------+-----+--------+

Top non-repeatable levels by time:
     D:1: 872 daAuts
     D:2: 804 daAuts
     D:3: 332 daAuts
